 Dungeon Crawl Stone Soup version 0.31-a0-345-g1ebeae05c6 (webtiles) character file.

Game seed: 1910428914149064102

755 bobarctor the Magician (level 7, -2/35 (36) HPs)
             Began as a Deep Elf Necromancer on Apr 7, 2023.
             Was an Initiate of Kikubaaqudgha.
             Slain by an ogre
             ... wielding a +0 giant club
              (29 damage)
             ... on level 5 of the Dungeon on July 22, 2023.
             The game lasted 00:26:41 (4359 turns).

bobarctor the Magician (Deep Elf Necromancer)       Turns: 4359, Time: 00:26:42

HP:   -2/35 (36)    AC:  7    Str:  5    XL:     7   Next: 49%
MP:   13/20         EV: 13    Int: 22    God:    Kikubaaqudgha [......]
Gold: 218           SH:  0    Dex: 15    Spells: 8/21 levels left

rFire   . . .        u - +0 orcbow
rCold   . . .        (shield currently unavailable)
rNeg    . . .        a - +0 robe
rPois   .            A - +0 helmet
rElec   .            B - +2 cloak
rCorr   .            q - +0 pair of gloves
SInv    .            (no boots)
Will    .....        (no amulet)
Stlth   ++           (no ring)
HPRegen 0.25/turn    (no ring)
MPRegen 0.17/turn

%: no passive effects
@: very slightly contaminated, lightly drained
A: no striking features
a: Renounce Religion


You were on level 5 of the Dungeon.
You worshipped Kikubaaqudgha.
Kikubaaqudgha was noncommittal.
You visited 2 branches of the dungeon, and saw 6 of its levels.

You collected 218 gold pieces.

Inventory:

Hand Weapons
 g - a +0 sling of draining
 k - a +2 dagger of venom
 u - a +0 orcbow (weapon)
Missiles
 m - 30 stones
 o - 16 poisoned darts
Armour
 a - a +0 robe (worn)
 q - a +0 pair of gloves (worn)
 A - a +0 helmet (worn)
 B - a +2 cloak (worn)
Jewellery
 v - a ring of magical power
Wands
 y - a wand of acid (10)
Scrolls
 c - 2 scrolls of vulnerability {unknown}
 d - 3 scrolls of enchant weapon {unknown}
 h - 2 scrolls of silence {unknown}
 i - 7 scrolls of identify {unknown}
 j - a scroll of brand weapon {unknown}
 l - a scroll of immolation {unknown}
 n - a scroll of poison {unknown}
 r - 2 scrolls of fear {unknown}
 t - a scroll of amnesia {unknown}
 w - a scroll of enchant armour {unknown}
 z - 4 scrolls of teleportation {unknown}
Potions
 b - a potion of magic
 e - 3 potions of curing {unknown}
 f - 2 potions of mutation {unknown}
 p - a potion of heal wounds {unknown}
 s - a potion of lignification {unknown}
 x - 2 potions of haste {unknown}
 C - a potion of degeneration {unknown}


   Skills:
 + Level 0.1 Short Blades
 + Level 4.7 Ranged Weapons
 + Level 2.8 Dodging
 + Level 2.7 Stealth
 * Level 7.9 Spellcasting
 + Level 7.3 Necromancy


You had 8 spell levels left.
You knew the following spells:

 Your Spells              Type           Power      Damage    Failure   Level
a - Necrotise             Necr           100%       1d9       1%          1
b - Vampiric Draining     Necr           40%        2d8       1%          3
c - Animate Dead          Necr           40%        N/A       3%          4
d - Agony                 Necr           40%        N/A       11%         5

Your spell library contained the following spells:

 Spells                   Type           Power      Damage    Failure   Level


Dungeon Overview and Level Annotations

Branches:
Dungeon (5/15)             Temple (1/1) D:4

Altars:
Cheibriados
Dithmenos
Gozag
Hepliaklqana
Kikubaaqudgha
Makhleb
Nemelex Xobeh
Okawaru
Qazlal
Xom
Zin

Shops:
D:5 =

Annotations:
Temple 2 transporters


Message History

Fire: u) +0 orcbow
Press: ? - help, Q - select action, (/) - cycle Shift-Dir - straight line, f/p - ogre
Aim: an ogre, wielding a +0 giant club (lightly wounded, 70% to hit)
You shoot an arrow. The arrow hits the ogre.
The ogre is lightly wounded.
Unknown command.
Casting: Necrotise (safe; 1% risk of failure)
Confirm with . or Enter, or press ? or * to list all spells.
Aiming: Necrotise (safe; 1% risk of failure)
Press: ? - help, Shift-Dir - straight line, f/p - ogre
Aim: an ogre, wielding a +0 giant club (lightly wounded, chance to affect: 83%)
The ogre writhes in agony.
Casting: Necrotise (safe; 1% risk of failure)
Confirm with . or Enter, or press ? or * to list all spells.
Aiming: Necrotise (safe; 1% risk of failure)
Press: ? - help, Shift-Dir - straight line, f/p - ogre
Aim: an ogre, wielding a +0 giant club (moderately wounded, chance to affect: 83%)
The ogre writhes in agony.
Casting: Necrotise (safe; 1% risk of failure)
Confirm with . or Enter, or press ? or * to list all spells.
The spell is extremely dangerous to miscast (11% risk of failure)!
Continue anyway?
Okay, then.
Casting: Agony (extremely dangerous; 11% risk of failure)
Confirm with . or Enter, or press ? or * to list all spells.
The spell is extremely dangerous to miscast (11% risk of failure)!
Continue anyway?
Aiming: Agony (extremely dangerous; 11% risk of failure)
Press: ? - help, Shift-Dir - straight line, f/p - ogre
Aim: an ogre, wielding a +0 giant club (heavily wounded, chance to affect: 97%)
You miscast Agony.
You are very lightly contaminated with residual magic.
Your flesh rots away!
You feel drained. The ogre closely misses you.
Fire: u) +0 orcbow
Press: ? - help, Q - select action, (/) - cycle Shift-Dir - straight line, f/p - ogre
Aim: an ogre, wielding a +0 giant club (heavily wounded, 70% to hit)
You shoot an arrow. The arrow barely misses the ogre.
A quokka comes into view.
The ogre hits you with a +0 giant club!!
Ouch! That really hurt!
You die...
Kikubaaqudgha rasps: "You have failed me!
Welcome... death!"

.......................
.......................
.......................
.......................
...<.........##..........
............##..####....#
............###.####.....
∩.......[....#...........
.............##.@...)##..
###............O######
##...........##
##......... ##....r..
..##.. #. #..


You could see an ogre and a quokka (wandering).

Vanquished Creatures
  Duvessa (D:4)
  2 phantoms
  A centaur (D:3)
  Dowan (D:4)
  A jelly (D:5)
  Jessica (D:3)
  4 iguanas (D:4)
  Ijyb (D:4)
  7 adders
  An ufetubus (D:4)
  A worm (D:4)
  6 dart slugs
  12 orcs
  9 endoplasms
  3 giant cockroaches
  7 goblins
  4 hobgoblins
  3 jackals (D:1)
  A quokka (D:4)
  8 ball pythons
  3 bats
  4 frilled lizards
  8 kobolds
  7 rats
96 creatures vanquished.

Vanquished Creatures (collateral kills)
  A goblin (D:3)
  2 rats
3 creatures vanquished.

Grand Total: 99 creatures vanquished

Notes
Turn   | Place    | Note
-------+----------+-------------------------------------------
     0 | D:1      | bobarctor the Deep Elf Necromancer began the quest for the
                  | Orb.
     0 | D:1      | Reached XP level 1. HP: 10/10 MP: 6/6
     0 | D:1      | Upgraded the game from 0.30-a0-1016-gfb0d676c02 to
                  | 0.31-a0-345-g1ebeae05c6
    99 | D:1      | Reached skill level 5 in Necromancy
   213 | D:1      | Reached XP level 2. HP: 15/15 MP: 6/8
   486 | D:1      | Found a faded altar of an unknown god.
  1045 | D:2      | Reached XP level 3. HP: 19/19 MP: 10/10
  1049 | D:2      | Learned a level 3 spell: Vampiric Draining
  1239 | D:2      | Identified the +2 leather armour of the Vacuum {-Cast Harm
                  | rCorr Stlth+}
  1818 | D:3      | Reached XP level 4. HP: 24/24 MP: 10/12
  1828 | D:3      | Reached skill level 1 in Ranged Weapons
  1833 | D:3      | Learned a level 4 spell: Animate Dead
  1867 | D:3      | Noticed a centaur
  1876 | D:3      | Killed a centaur
  1877 | D:3      | Reached skill level 5 in Spellcasting
  1877 | D:3      | Reached XP level 5. HP: 26/28 MP: 7/14
  2168 | D:3      | Found an opulent altar of Gozag.
  2251 | D:3      | Noticed Jessica
  2253 | D:3      | Killed Jessica
  2675 | D:4      | Noticed Dowan
  2678 | D:4      | Noticed Duvessa
  2687 | D:4      | Killed Duvessa
  2688 | D:4      | Reached XP level 6. HP: 32/32 MP: 5/17
  2769 | D:3      | Learned a level 5 spell: Agony
  2777 | D:4      | Killed Dowan
  3139 | D:4      | Found a staircase to the Ecumenical Temple.
  3144 | Temple   | Found a transporter.
  3144 | Temple   | Found a transporter.
  3144 | Temple   | Found a transporter.
  3144 | Temple   | Found a transporter.
  3144 | Temple   | Entered the Ecumenical Temple
  3166 | Temple   | Became a worshipper of Kikubaaqudgha
  3234 | D:4      | Found a sparkling altar of Nemelex Xobeh.
  3279 | D:4      | Noticed Ijyb
  3284 | D:4      | Killed Ijyb
  3618 | D:4      | Reached XP level 7. HP: 36/36 MP: 19/19
  4147 | D:5      | Entered Level 5 of the Dungeon
  4290 | D:5      | Found Raatoes's Jewellery Shop.
  4359 | D:5      | Slain by an ogre

Illustrated notes

Levels and vault maps discovered:
D:1:      roderic_octagonal_star, layout_basic,
          hellmonk_ecumenical_altar_heavens_door
D:2:      layout_basic, chequers_serial_rivers_small_a
D:3:      layout_loops_ring, lemuel_crystal_altar, uniq_jessica
D:4:      minmay_bubble_buster, layout_loops_ring, nemelex_spade_bored_becter,
          minmay_temple_entry_gardened_gates, uniq_ijyb, uniq_duvessa
D:5:      layout_cave_pools, lightli_temple_of_fire,
          minmay_shop_enchanted_jewellery, nzn_random_ring
Temple:   hellmonk_temple_divided_pantheon

Skill      XL: |  1  2  3  4  5  6  7 |
---------------+----------------------+-----
Necromancy     | 5 6 7 |  7.3
Spellcasting   | 4 5 6 7 |  7.9
Ranged Weapons | 2 3 4 |  4.7
Short Blades   | |  0.1
Dodging        | |  2.8
Stealth        | |  2.7

Action                     |  1- 3 |  4- 6 |  7- 9 || total
---------------------------+-------+-------+-------++-------
  Melee: Dagger            |       |       |    35 ||    35
   Fire: Sling             |    30 |    47 |    16 ||    93
         Orcbow            |       |       |    30 ||    30
   Cast: Necrotise         |    44 |    47 |    23 ||   114
         Vampiric Draining |     1 |     9 |       ||    10
         Agony             |       |     2 |       ||     2
    Use: Potion            |       |     1 |       ||     1
   Stab: Sleeping          |       |       |     2 ||     2
 Armour: Robe              |     3 |     4 |    24 ||    31
  Dodge: Dodged            |    16 |    28 |    42 ||    86

Table legend: (Time is in decaauts)
 A = Elapsed time spent in this place.
 B = Non-inter-level travel time spent in this place.
 C = Inter-level travel time spent in this place.
 D = Time resting spent in this place.
 E = Time spent auto-exploring this place.
 F = Levels seen in this place.
 G = Mean time per level.
                   A        B        C        D        E       F      G
               +--------+--------+--------+--------+--------+-----+--------+
         Total |   4393 |   4293 |    100 |    669 |   2821 |   6 |  732.2 |
       Dungeon |   4346 |   4246 |    100 |    669 |   2821 |   5 |  869.2 |
        Temple |     46 |     46 |      0 |      0 |      0 |   1 |   46.0 |
               +--------+--------+--------+--------+--------+-----+--------+

Top non-repeatable levels by time:
     D:4: 1352 daAuts
     D:3: 1070 daAuts
     D:1: 935 daAuts
     D:2: 769 daAuts
     D:5: 218 daAuts
  Temple: 46 daAuts
